TOP OF THE 1ST |
Harrisburg Harriers batting - Pitching for Kennesaw Jets : LHP Phil Hanson
|
Pitching: LHP Phil Hanson
|
|
Batting: LHB José Cordero
|
0-0: Ball 1-0: Ball 2-0: Ball 3-0: Base on Balls
|
Batting: RHB Mike Greene
|
0-0: Ball 1-0: Called Strike 1-1: Foul Ball, location: 2F 1-2: Ball 2-2: Strikes out swinging
|
Batting: RHB Pedro Castillo
|
0-0: Called Strike 0-1: Ball 1-1: Ball 2-1: Swinging Strike 2-2: Foul Ball, location: 2F 2-2: Foul Ball, location: 2F 2-2: Strikes out swinging
|
Batting: RHB Jim Scott
|
0-0: Ball 1-0: Called Strike 1-1: Swinging Strike 1-2: 2-RUN HOME RUN (Flyball, 7D), Distance : 369 ft
|
Batting: RHB Roberto Escues
|
0-0: Called Strike 0-1: Ball 1-1: Fly out, F7 (Flyball, 7D)
|
Top of the 1st over - 2 run(s), 1 hit(s), 0 error(s), 0 left on base; Harrisburg 2 - Kennesaw 0 |
BOTTOM OF THE 1ST |
Kennesaw Jets batting - Pitching for Harrisburg Harriers : LHP David Sherratt
|
Pitching: LHP David Sherratt
|
|
Batting: RHB Abdul-Fattah bin Najjar
|
0-0: Ball 1-0: Swinging Strike 1-1: Foul Ball, location: 2F 1-2: SINGLE (Line Drive, 4MD)
|
Batting: RHB Juan Sandoval
|
0-0: Foul Ball, location: 2F 0-1: Ball 1-1: Foul Ball, location: 2F 1-2: Strikes out swinging
|
Batting: RHB Stephen Johnson
|
0-0: Ball 1-0: Ground out 4-3 (Groundball, 4M) Abdul-Fattah bin Najjar to second
|
Batting: RHB José Ramos
|
0-0: Foul Ball, location: 2F 0-1: Swinging Strike 0-2: Ball Wild Pitch! Abdul-Fattah bin Najjar to third 1-2: Ball 2-2: Ball 3-2: Strikes out swinging
|
Bottom of the 1st over - 0 run(s), 1 hit(s), 0 error(s), 1 left on base; Harrisburg 2 - Kennesaw 0 |
TOP OF THE 2ND |
Harrisburg Harriers batting - Pitching for Kennesaw Jets : LHP Phil Hanson
|
Batting: RHB Henrique Shearman
|
0-0: Ball 1-0: Fly out, F4 (Popup, 3D)
|
Batting: SHB Alonso Solís
|
0-0: Foul Ball, location: 2F 0-1: Foul Ball, location: 2F 0-2: Strikes out swinging
|
Batting: RHB David Ortega
|
0-0: Called Strike 0-1: Fly out, F4 (Popup, 4D)
|
Top of the 2nd over - 0 run(s), 0 hit(s), 0 error(s), 0 left on base; Harrisburg 2 - Kennesaw 0 |
BOTTOM OF THE 2ND |
Kennesaw Jets batting - Pitching for Harrisburg Harriers : LHP David Sherratt
|
Batting: RHB Andrés Sánchez
|
0-0: SINGLE (Groundball, 34D)
|
Batting: RHB Raúl Javier Jr.
|
0-0: Swinging Strike 0-1: Called Strike Andrés Sánchez is caught stealing 2nd base 0-2: Ball 1-2: Foul Ball, location: 2F 1-2: Ball 2-2: Ball 3-2: SINGLE (Flyball, 7LM)
|
Batting: RHB Clarence Therrien
|
0-0: Ball 1-0: Called Strike 1-1: Ball 2-1: Foul Ball, location: 2F 2-2: Hit by Pitch Raúl Javier Jr. to second
|
Batting: LHB Jim Unknown
|
0-0: Called Strike 0-1: Fly out, F6 (Popup, 5)
|
Batting: RHB Jim Unknown
|
0-0: Called Strike 0-1: Swinging Strike 0-2: Ball 1-2: Strikes out swinging
|
Bottom of the 2nd over - 0 run(s), 2 hit(s), 0 error(s), 2 left on base; Harrisburg 2 - Kennesaw 0 |
TOP OF THE 3RD |
Harrisburg Harriers batting - Pitching for Kennesaw Jets : LHP Phil Hanson
|
Batting: RHB Jorge Figueroa
|
0-0: Ball 1-0: Called Strike 1-1: Foul Ball, location: 2F 1-2: Foul Ball, location: 2F 1-2: Ball 2-2: Foul Ball, location: 2F 2-2: Ball 3-2: Strikes out looking
|
Batting: LHB José Cordero
|
0-0: Called Strike 0-1: Foul Ball, location: 2F 0-2: Strikes out looking
|
Batting: RHB Mike Greene
|
0-0: Fly out, F7 (Line Drive, 7D)
|
Top of the 3rd over - 0 run(s), 0 hit(s), 0 error(s), 0 left on base; Harrisburg 2 - Kennesaw 0 |
BOTTOM OF THE 3RD |
Kennesaw Jets batting - Pitching for Harrisburg Harriers : LHP David Sherratt
|
Batting: RHB Abdul-Fattah bin Najjar
|
0-0: Ground out 5-3 (Groundball, 5L)
|
Batting: RHB Juan Sandoval
|
0-0: Swinging Strike 0-1: Ball 1-1: Ball 2-1: Called Strike 2-2: Ground out 6-3 (Groundball, 6M)
|
Batting: RHB Stephen Johnson
|
0-0: Called Strike 0-1: Reached on error, E4 (Groundball, 4M)
|
Batting: RHB José Ramos
|
0-0: Ball 1-0: Ball 2-0: Foul Ball, location: 2F 2-1: Called Strike 2-2: Ground out 1-3 (Groundball, 23)
|
Bottom of the 3rd over - 0 run(s), 0 hit(s), 1 error(s), 1 left on base; Harrisburg 2 - Kennesaw 0 |
TOP OF THE 4TH |
Harrisburg Harriers batting - Pitching for Kennesaw Jets : LHP Phil Hanson
|
Batting: RHB Pedro Castillo
|
0-0: Ball 1-0: Foul Ball, location: 2F 1-1: Called Strike 1-2: Ball 2-2: Foul Ball, location: 2F 2-2: Strikes out swinging
|
Batting: RHB Jim Scott
|
0-0: Ball 1-0: DOUBLE (Line Drive, 78M)
|
Batting: RHB Roberto Escues
|
0-0: Ball 1-0: SINGLE (Groundball, 34D) Jim Scott to third Runner from 3rd tries for Home, SAFE, throw made home Roberto Escues to second
|
Batting: RHB Henrique Shearman
|
0-0: Ball 1-0: Ball 2-0: Fly out, F7 (Flyball, 7M)
|
Batting: SHB Alonso Solís
|
0-0: Foul Ball, location: 2F 0-1: Called Strike 0-2: Foul Ball, location: 2F 0-2: Foul Ball, location: 2F 0-2: Ball 1-2: Ball 2-2: Strikes out swinging
|
Top of the 4th over - 1 run(s), 2 hit(s), 0 error(s), 1 left on base; Harrisburg 3 - Kennesaw 0 |
BOTTOM OF THE 4TH |
Kennesaw Jets batting - Pitching for Harrisburg Harriers : LHP David Sherratt
|
Batting: RHB Andrés Sánchez
|
0-0: Ground out 4-3 (Groundball, 4)
|
Batting: RHB Raúl Javier Jr.
|
0-0: Hit by Pitch
|
Batting: RHB Clarence Therrien
|
0-0: Called Strike 0-1: Called Strike 0-2: Ball 1-2: Strikes out swinging
|
Batting: LHB Jim Unknown
|
0-0: Foul Ball, location: 2F 0-1: Fly out, F9 (Flyball, 9S)
|
Bottom of the 4th over - 0 run(s), 0 hit(s), 0 error(s), 1 left on base; Harrisburg 3 - Kennesaw 0 |
TOP OF THE 5TH |
Harrisburg Harriers batting - Pitching for Kennesaw Jets : LHP Phil Hanson
|
Batting: RHB David Ortega
|
0-0: Foul Ball, location: 2F 0-1: Ball 1-1: Ball 2-1: Ground out 2-3 (Groundball, 2L)
|
Batting: RHB Jorge Figueroa
|
0-0: Ball 1-0: Ball 2-0: Ball 3-0: Foul Ball, location: 2F 3-1: Foul Ball, location: 2F 3-2: Foul Ball, location: 2F 3-2: Base on Balls
|
Batting: LHB José Cordero
|
0-0: Ball 1-0: Ball 2-0: Called Strike 2-1: Called Strike 2-2: Strikes out looking
|
Batting: RHB Mike Greene
|
0-0: Swinging Strike 0-1: Ball 1-1: Ball 2-1: Fly out, F9 (Flyball, 89M)
|
Top of the 5th over - 0 run(s), 0 hit(s), 0 error(s), 1 left on base; Harrisburg 3 - Kennesaw 0 |
BOTTOM OF THE 5TH |
Kennesaw Jets batting - Pitching for Harrisburg Harriers : LHP David Sherratt
|
Batting: RHB Jim Unknown
|
0-0: Swinging Strike 0-1: Ground out 1-3 (Groundball, 3S)
|
Batting: RHB Abdul-Fattah bin Najjar
|
0-0: Ball 1-0: Foul Ball, location: 2F 1-1: DOUBLE (Groundball, 5L)
|
Batting: RHB Juan Sandoval
|
0-0: Foul Ball, location: 2F 0-1: Fly out, F6 (Popup, 6)
|
Batting: RHB Stephen Johnson
|
0-0: Called Strike 0-1: Swinging Strike 0-2: Strikes out swinging
|
Bottom of the 5th over - 0 run(s), 1 hit(s), 0 error(s), 1 left on base; Harrisburg 3 - Kennesaw 0 |
TOP OF THE 6TH |
Harrisburg Harriers batting - Pitching for Kennesaw Jets : LHP Phil Hanson
|
Batting: RHB Pedro Castillo
|
0-0: Fly out, F7 (Flyball, 78M)
|
Batting: RHB Jim Scott
|
0-0: Ball 1-0: Ball 2-0: Ball 3-0: Foul Ball, location: 2F 3-1: Called Strike 3-2: Foul Ball, location: 2F 3-2: Foul Ball, location: 2F 3-2: Strikes out swinging
|
Batting: RHB Roberto Escues
|
0-0: Ground out 6-3 (Groundball, 6)
|
Top of the 6th over - 0 run(s), 0 hit(s), 0 error(s), 0 left on base; Harrisburg 3 - Kennesaw 0 |
BOTTOM OF THE 6TH |
Kennesaw Jets batting - Pitching for Harrisburg Harriers : LHP David Sherratt
|
Batting: RHB José Ramos
|
0-0: Ball 1-0: Ball 2-0: Ball 3-0: Called Strike 3-1: Called Strike 3-2: Base on Balls
|
Batting: RHB Andrés Sánchez
|
0-0: Ball 1-0: Foul Ball, location: 2F 1-1: Fly out, F3 (Popup, 3DF)
|
Batting: RHB Raúl Javier Jr.
|
0-0: Swinging Strike 0-1: Ball 1-1: Called Strike 1-2: Ball 2-2: SINGLE (Groundball, 56D) José Ramos to second
|
Batting: RHB Clarence Therrien
|
0-0: Fly out, F4 (Popup, 13)
|
Batting: LHB Jim Unknown
|
0-0: Called Strike 0-1: Called Strike 0-2: Fly out, F8 (Flyball, 8LD)
|
Bottom of the 6th over - 0 run(s), 1 hit(s), 0 error(s), 2 left on base; Harrisburg 3 - Kennesaw 0 |
TOP OF THE 7TH |
Harrisburg Harriers batting - Pitching for Kennesaw Jets : LHP Phil Hanson
|
Batting: RHB Henrique Shearman
|
0-0: Foul Ball, location: 2F 0-1: DOUBLE (Line Drive, 8RXD)
|
Batting: SHB Alonso Solís
|
0-0: Ball 1-0: Foul Ball, location: 2F 1-1: Ball 2-1: Ball 3-1: Ground out 5-3 (Groundball, 5)
|
Batting: RHB David Ortega
|
0-0: Ball 1-0: Foul Ball, location: 2F 1-1: Ball 2-1: SINGLE (Groundball, 6MD) Henrique Shearman to third Runner from 3rd tries for Home, SAFE, throw made home David Ortega to second
|
Batting: RHB Jorge Figueroa
|
0-0: Foul Ball, location: 2F 0-1: Foul Ball, location: 2F 0-2: Strikes out swinging
|
Batting: LHB José Cordero
|
0-0: Called Strike 0-1: Ball 1-1: Called Strike 1-2: Ball 2-2: Foul Ball, location: 2F Balk! David Ortega to third 2-2: Foul Ball, location: 2F 2-2: Strikes out swinging
|
Top of the 7th over - 1 run(s), 2 hit(s), 0 error(s), 1 left on base; Harrisburg 4 - Kennesaw 0 |
BOTTOM OF THE 7TH |
Kennesaw Jets batting - Pitching for Harrisburg Harriers : LHP David Sherratt
|
Batting: RHB Jim Unknown
|
0-0: Foul Ball, location: 2F 0-1: Ball 1-1: Fly out, F9 (Flyball, 89XD)
|
Batting: RHB Abdul-Fattah bin Najjar
|
0-0: Ball 1-0: Ball 2-0: Ground out 5-3 (Groundball, 5S)
|
Batting: RHB Juan Sandoval
|
0-0: Ground out 6-3 (Groundball, 6)
|
Bottom of the 7th over - 0 run(s), 0 hit(s), 0 error(s), 0 left on base; Harrisburg 4 - Kennesaw 0 |
TOP OF THE 8TH |
Harrisburg Harriers batting - Pitching for Kennesaw Jets : LHP Phil Hanson
|
Batting: RHB Mike Greene
|
0-0: Called Strike 0-1: Swinging Strike 0-2: Strikes out swinging
|
Batting: RHB Pedro Castillo
|
0-0: Fly out, F9 (Flyball, 9M)
|
Batting: RHB Jim Scott
|
0-0: Called Strike 0-1: Called Strike 0-2: Ball 1-2: Strikes out swinging
|
Top of the 8th over - 0 run(s), 0 hit(s), 0 error(s), 0 left on base; Harrisburg 4 - Kennesaw 0 |
BOTTOM OF THE 8TH |
Kennesaw Jets batting - Pitching for Harrisburg Harriers : LHP David Sherratt
|
Batting: RHB Stephen Johnson
|
0-0: Ground out 4-3 (Groundball, 4M)
|
Batting: RHB José Ramos
|
0-0: Called Strike 0-1: Ball 1-1: Ball 2-1: Ball 3-1: Base on Balls
|
Batting: RHB Andrés Sánchez
|
0-0: Called Strike 0-1: Foul Ball, location: 2F 0-2: Ball 1-2: DOUBLE (Groundball, 5L) José Ramos to third
|
Batting: RHB Raúl Javier Jr.
|
0-0: Swinging Strike 0-1: Ball 1-1: Ball 2-1: Ball 3-1: Swinging Strike 3-2: Strikes out looking
|
Batting: RHB Clarence Therrien
|
0-0: Called Strike 0-1: Called Strike 0-2: Strikes out looking
|
Bottom of the 8th over - 0 run(s), 1 hit(s), 0 error(s), 2 left on base; Harrisburg 4 - Kennesaw 0 |
TOP OF THE 9TH |
Harrisburg Harriers batting - Pitching for Kennesaw Jets : LHP Phil Hanson
|
Batting: RHB Roberto Escues
|
0-0: Ball 1-0: Ball 2-0: SINGLE (Groundball, 25) (infield hit)
|
Pitching: RHP John Shirley
|
|
Batting: RHB Henrique Shearman
|
0-0: Ball 1-0: Foul Ball, location: 2F 1-1: Swinging Strike 1-2: Ball 2-2: Foul Ball, location: 2F 2-2: Foul Ball, location: 2F 2-2: Ball 3-2: Strikes out swinging
|
Batting: SHB Alonso Solís
|
0-0: Called Strike Roberto Escues steals 2nd base 0-1: Ball 1-1: Intentional Walk
|
Batting: RHB David Ortega
|
0-0: Ball 1-0: Fly out, F5 (Line Drive, 5S)
|
Batting: RHB Jorge Figueroa
|
0-0: Ball 1-0: Foul Ball, location: 2F 1-1: SINGLE (Groundball, 56D) Roberto Escues to third Alonso Solís to second Runner from 3rd tries for Home, SAFE, no throw or cutoff
|
Batting: LHB José Cordero
|
0-0: Foul Ball, location: 2F 0-1: SINGLE (Groundball, 56D) Alonso Solís to third Jorge Figueroa to second Throwing error, E7 Alonso Solís scores Jorge Figueroa to third José Cordero to second
|
Batting: RHB Mike Greene
|
0-0: Ball 1-0: Ball 2-0: Swinging Strike 2-1: Ball 3-1: Foul Ball, location: 2F 3-2: Strikes out swinging
|
Top of the 9th over - 2 run(s), 3 hit(s), 1 error(s), 2 left on base; Harrisburg 6 - Kennesaw 0 |
BOTTOM OF THE 9TH |
Kennesaw Jets batting - Pitching for Harrisburg Harriers : LHP David Sherratt
|
Batting: LHB Jim Unknown
|
0-0: Ball 1-0: Ground out 4-3 (Groundball, 4M)
|
Batting: RHB Jim Unknown
|
0-0: Reached on Error, E8 (Line Drive, 8RS)
|
Pitching: LHP Jim Unknown
|
|
Batting: RHB Abdul-Fattah bin Najjar
|
0-0: Swinging Strike 0-1: Ground out 4-3 (Groundball, 4M) Jim Unknown to third
|
Batting: RHB Juan Sandoval
|
0-0: Fly out, F1 (Popup, 13S)
|
Bottom of the 9th over - 0 run(s), 0 hit(s), 1 error(s), 1 left on base; Harrisburg 6 - Kennesaw 0 |
|